 Dungeon Crawl Stone Soup version 0.31-a0-702-gf82c85558f (webtiles) character file.

Game seed: 10509627141485090153

1253 qw the Skirmisher (level 8, -4/50 HPs)
             Began as a Gargoyle Hunter on Sept 7, 2023.
             Slain by a gnoll
             ... wielding a +0 spear
             ... led by a gnoll bouda
              (6 damage)
             ... on level 6 of the Dungeon.
             The game lasted 00:01:48 (4985 turns).

qw the Skirmisher (Gargoyle Hunter)                 Turns: 4985, Time: 00:01:49

Health: -4/50      AC: 11    Str: 16    XL:     8   Next: 51%
Magic:  8/8        EV: 11    Int:  9    God:
Gold:   295        SH:  0    Dex: 15    Spells: 7/7 levels left

rFire   . . .        Y - +3 shortbow
rCold   . . .        (shield currently unavailable)
rNeg    + . .        b - +0 ring mail
rPois   inf          (no helmet)
rElec   +            (no cloak)
rCorr   .            (no gloves)
SInv    .            (no boots)
Will    .....        (no amulet)
Stlth   +            (no ring)
HPRegen 0.28/turn    (no ring)
MPRegen 0.11/turn

%: no passive effects
@: about to teleport, weakened
A: sickness immunity, AC +5, negative energy resistance 1, electricity
resistance, torment resistance 1, petrification resistance
a: no special abilities


You were on level 6 of the Dungeon.
You visited 1 branch of the dungeon, and saw 6 of its levels.

You collected 295 gold pieces.


Innate Abilities, Weirdness & Mutations

You are immune to sickness and miasma.
Your stone body is resilient. (AC +5)
You are immune to poison.
You resist negative energy. (rN+)
You are resistant to electric shocks. (rElec)
You are resistant to unholy torment.
You are immune to petrification.


   Skills:
 + Level 5.4 Fighting
 - Level 9.1 Ranged Weapons
 - Level 2.8 Armour
 - Level 2.2 Dodging
 - Level 1.1 Stealth


You had 7 spell levels left.
You didn't know any spells.
Your spell library was empty.

Inventory:

Hand Weapons
 Y - a +3 shortbow (weapon)
Armour
 b - a +0 ring mail (worn)
 c - the +1 pair of gloves "Qeux" {-Tele rF++ rC- Regen+}
   (You found it on level 5 of the Dungeon)

   rF++:      It greatly protects you from fire.
   rC-:       It makes you vulnerable to cold.
   -Tele:     It prevents most forms of teleportation.
   Regen+:    It increases your rate of health regeneration.
Scrolls
 d - a scroll of identify
Potions
 a - a potion of lignification {unknown}
 f - a potion of haste
 g - a potion of enlightenment
 h - 2 potions of curing

Dungeon Overview and Level Annotations

Branches:
Dungeon (6/15)
 Temple: D:4-7

Altars:

Shops:
D:4 :

Annotations:
D:6 Maggie


Message History

Maggie barely misses you. The gnoll barely misses you.
The gnoll hits you from afar with a +0 halberd.
The gnoll bouda gazes fiercely through you!
You feel your attacks grow feeble. The gnoll hits you but does no damage.
You shoot an arrow. The arrow hits Maggie!
Maggie is severely wounded.
The kobold hits you but does no damage. Maggie hits you with a +0 war axe.
The gnoll hits you but does no damage. The gnoll completely misses you.
The gnoll hits you from afar with a +0 halberd.
You shoot an arrow.
The arrow hits Maggie but does no damage.
Maggie is severely wounded.
The kobold hits you with a +0 dagger. The gnoll barely misses you.
The gnoll hits you with a +0 flail. The gnoll barely misses you.
The kobold hits you with a +0 dagger. Maggie hits you with a +0 war axe.
The kobold hits you but does no damage.
You shoot an arrow. The arrow hits Maggie.
Maggie is almost dead.
You break out of your daze.
Maggie hits you with a +0 war axe. The kobold hits you but does no damage.
The gnoll hits you from afar with a +0 spear.
The gnoll hits you with a +0 flail. The gnoll barely misses you.
The gnoll bouda gazes fiercely through you!
You feel as though you will be weak longer.
The kobold hits you but does no damage.
4984 ||| READING scroll of teleportation.
As you read the scroll of teleportation, it crumbles to dust.
You feel strangely unstable.
Maggie gestures wildly while chanting.
Maggie attempts to bespell you! You resist. The kobold closely misses you.
The gnoll hits you from afar with a +0 spear.
The gnoll barely misses you. The gnoll completely misses you.
The kobold barely misses you.
You shoot an arrow. The arrow hits Maggie.
Maggie is almost dead.
Maggie mutters to herself, "Master Lance won't take me back.
This is the way forward."
Maggie completely misses you. The kobold barely misses you.
The gnoll hits you from afar with a +0 spear.
You die...

.######
....)..
~~.....
.......
.....gg##
.....g@@#
?....gKK#
.....KgK#
<.....KK#
.......Y.
..)......
.........
#.......~[


You could see Maggie, an ice beast, a kobold brigand, a gnoll bouda, 4 gnolls
and 5 kobolds.

Vanquished Creatures
  Sigmund (D:4)
  Duvessa (D:5)
  A black bear (D:4)
  A phantom (D:5)
  A kobold brigand (D:4)
  A bullfrog (D:4)
  2 scorpions (D:5)
  Dowan (D:5)
  3 hounds
  A jelly (D:4)
  An orc priest (D:3)
  2 iguanas
  A sleepcap (D:4)
  2 orc wizards (D:5)
  4 gnolls
  7 adders
  A white imp (D:5)
  An ufetubus (D:5)
  3 worms (D:2)
  18 orcs
  6 bats
  5 endoplasms
  7 giant cockroaches
  5 goblins
  9 hobgoblins
  11 jackals
  3 quokkas
  3 ball pythons
  4 frilled lizards
  7 kobolds
  5 rats
118 creatures vanquished.

Vanquished Creatures (others)
  An orc wizard (D:5)
1 creature vanquished.

Grand Total: 119 creatures vanquished

Notes
Turn   | Place    | Note
-------+----------+-------------------------------------------
     0 | D:1      | qw the Gargoyle Hunter began the quest for the Orb.
     0 | D:1      | Reached XP level 1. HP: 12/12 MP: 1/1
     0 | D:1      | 0 ||| qw: Version: 0.3-a-76-g4403597
     0 | D:1      | 0 ||| qw: Game counter: 786
     0 | D:1      | 0 ||| qw: Melee chars always use a shield: true
     0 | D:1      | 0 ||| qw: God list: Okawaru
     0 | D:1      | 0 ||| qw: Allow faded altars: false
     0 | D:1      | 0 ||| qw: Do Orc after clearing Dungeon:15 true
     0 | D:1      | 0 ||| qw: Do second Lair branch before Depths: true
     0 | D:1      | 0 ||| qw: Lair rune preference: random
     0 | D:1      | 0 ||| qw: Goals: Normal
     0 | D:1      | 0 ||| PLANNING D:1-11
   101 | D:1      | Reached XP level 2. HP: 17/17 MP: 2/2
   454 | D:1      | Reached XP level 3. HP: 21/21 MP: 3/3
   847 | D:1      | 847 ||| READING scroll labelled JYPAZXY GIODA.
   850 | D:1      | 850 ||| READING scroll labelled QIEFUHUWECH.
   851 | D:1      | 851 ||| DROPPING scroll of butterflies.
   890 | D:2      | 890 ||| STAIRDANCE
   897 | D:2      | 897 ||| STAIRDANCE
   900 | D:1      | Reached skill level 5 in Ranged Weapons
  1071 | D:2      | Reached skill level 3 in Fighting
  1074 | D:2      | Reached XP level 4. HP: 28/28 MP: 4/4
  1680 | D:2      | 1680 ||| RETREATING.
  2148 | D:2      | 2148 ||| READING scroll labelled ASHEHU CAIMPIE.
  2149 | D:2      | 2149 ||| READING 3 scrolls labelled OQAINOTEFE.
  2150 | D:2      | 2150 ||| READING 2 scrolls of enchant weapon.
  2150 | D:2      | 2150 ||| ENCHANTING +1 shortbow.
  2151 | D:2      | 2151 ||| READING scroll of enchant weapon.
  2151 | D:2      | 2151 ||| ENCHANTING +2 shortbow.
  2152 | D:2      | 2152 ||| READING scroll labelled TUBIJO YPRU.
  2153 | D:2      | 2153 ||| DRINKING 2 amethyst potions.
  2154 | D:2      | 2154 ||| DRINKING 2 purple potions.
  2155 | D:2      | 2155 ||| DROPPING potion of brilliance.
  2459 | D:3      | Reached skill level 6 in Ranged Weapons
  2459 | D:3      | Reached XP level 5. HP: 32/32 MP: 5/5
  3119 | D:3      | 3119 ||| UPGRADING to +0 ring mail.
  3129 | D:3      | 3129 ||| DROPPING +0 leather armour.
  3130 | D:3      | 3130 ||| READING 2 scrolls labelled YNOROU FUCAR.
  3131 | D:3      | 3131 ||| READING 3 scrolls of identify.
  3131 | D:3      | 3131 ||| IDENTIFYING viscous grey potion
  3132 | D:3      | 3132 ||| READING 2 scrolls of identify.
  3132 | D:3      | 3132 ||| IDENTIFYING emerald potion
  3133 | D:3      | 3133 ||| DROPPING scroll of noise.
  3134 | D:3      | 3134 ||| DROPPING potion of magic.
  3159 | D:4      | 3159 ||| STAIRDANCE
  3202 | D:4      | Noticed a black bear
  3207 | D:4      | Killed a black bear
  3208 | D:4      | Reached XP level 6. HP: 38/38 MP: 6/6
  3222 | D:4      | 3222 ||| DROPPING +0 sling of freezing.
  3413 | D:4      | Reached XP level 7. HP: 44/44 MP: 7/7
  3642 | D:4      | Found Honul's Vocational Training.
  4013 | D:4      | Reached skill level 7 in Ranged Weapons
  4046 | D:4      | Noticed Sigmund
  4051 | D:4      | Killed Sigmund
  4196 | D:4      | 4196 ||| READING scroll labelled OBRUTW NUSEATA.
  4197 | D:4      | 4197 ||| READING scroll labelled CER US AQIDI.
  4198 | D:4      | 4198 ||| READING scroll labelled YVICOD TIANAPA.
  4199 | D:4      | 4199 ||| READING scroll labelled LUESEO JYIRAO.
  4200 | D:4      | 4200 ||| READING scroll labelled DOCLISOCWU.
  4201 | D:4      | 4201 ||| READING 3 scrolls of identify.
  4201 | D:4      | 4201 ||| IDENTIFYING cyan potion
  4202 | D:4      | 4202 ||| READING 2 scrolls of identify.
  4202 | D:4      | 4202 ||| IDENTIFYING lumpy emerald potion
  4211 | D:5      | Entered Level 5 of the Dungeon
  4228 | D:5      | Reached skill level 8 in Ranged Weapons
  4233 | D:5      | 4233 ||| STAIRDANCE
  4298 | D:5      | Reached XP level 8. HP: 49/49 MP: 8/8
  4386 | D:5      | Identified the +1 pair of gloves "Qeux" {-Tele rF++ rC-
                  | Regen+}
  4413 | D:5      | 4413 ||| Stepping ~*~*~tactically~*~*~ (outnumbered).
  4727 | D:5      | Noticed Duvessa
  4727 | D:5      | Noticed Dowan
  4728 | D:5      | 4728 ||| RETREATING.
  4754 | D:5      | Killed Duvessa
  4755 | D:5      | Reached skill level 9 in Ranged Weapons
  4770 | D:5      | HP: 6/49 [Dowan/stone arrow (11)]
  4771 | D:5      | 4771 ||| READING 2 scrolls of teleportation.
  4772 | D:5      | 4772 ||| DRINKING potion of heal wounds.
  4773 | D:5      | Killed Dowan
  4972 | D:6      | Noticed Maggie
  4983 | D:6      | HP: 12/50 [gnoll/+0 spear[a gnoll bouda] (3)]
  4984 | D:6      | 4984 ||| READING scroll of teleportation.
  4984 | D:6      | HP: 2/50 [gnoll/+0 spear[a gnoll bouda] (5)]
  4985 | D:6      | Slain by a gnoll

Levels and vault maps discovered:
D:1:      grunt_arrival_lava_bath, layout_basic, chequers_serial_rivers_micro_a,
          minmay_liquid_box, hangedman_glass_teeth,
          minmay_misc_feat_more_columns
D:2:      layout_rooms, serial_co_window_serial, co_window_of_opportunity_a,
          co_window_paths_b, co_window_corner_a, co_window_corner_a,
          co_window_corner_a, co_window_2corner, co_window_broadway_b,
          co_window_broadway_a, co_window_broadway_a, co_window_corner_b,
          co_window_of_opportunity_b, co_window_of_opportunity_c,
          co_window_4corner_a, co_window_paths_d, minmay_misc_feat_ornament,
          lemuel_flame_loot_1
D:3:      layout_basic, nicolae_hexahallways
D:4:      layout_loops_corners, nicolae_shop_vocational, uniq_sigmund
D:5:      layout_cave_pools, uniq_duvessa
D:6:      layout_rooms, minmay_temple_entry_glass, chequers_serial_rivers_marsh,
          skrybe_limestone_x, uniq_maggie

Skill      XL: |  1  2  3  4  5  6  7  8 |
---------------+-------------------------+-----
Ranged Weapons | 5 6 8 9 |  9.1
Fighting       | 3 4 5 |  5.4
Armour         | 2 |  2.8
Dodging        | 2 |  2.2
Stealth        | |  1.1

Action                     |  1- 3 |  4- 6 |  7- 9 || total
---------------------------+-------+-------+-------++-------
   Fire: Shortbow          |    95 |   151 |   186 ||   432
    Use: Scroll            |     2 |     8 |     9 ||    19
         Potion            |       |     2 |     1 ||     3
 Armour: Leather armour    |    35 |    25 |       ||    60
         Ring mail         |       |    19 |   108 ||   127
  Dodge: Dodged            |    22 |    27 |    65 ||   114

Table legend:
 A = Non-vault XP
 B = Vault XP
 C = Vault XP percentage of total XP
 D = Non-vault monster count
 E = Vault monster count
 F = Vault count percentage of total count
                 A         B        C        D         E       F
            +---------+---------+-------+---------+---------+-------
      Total |    1359 |     432 |  24.1 |     116 |       3 |   2.5
            +---------+---------+-------+---------+---------+-------
        D:1 |      39 |       0 |   0.0 |      25 |       0 |   0.0
        D:2 |     106 |       0 |   0.0 |      20 |       0 |   0.0
        D:3 |     118 |       0 |   0.0 |      18 |       0 |   0.0
        D:4 |     504 |     214 |  29.8 |      24 |       1 |   4.0
        D:5 |     575 |     218 |  27.5 |      27 |       2 |   6.9
        D:6 |      17 |       0 |   0.0 |       2 |       0 |   0.0
            +---------+---------+-------+---------+---------+-------
